 Dungeon Crawl Stone Soup version 0.28-a0-556-gab23d0e057 (webtiles) character file.

Game seed: 14231016042709000468

849 poseidemic the Ducker (level 8, -5/88 HPs)
             Began as a Djinni Berserker on Sept 28, 2021.
             Was a Believer of Trog.
             Slain by a wyvern zombie (7 damage)
             ... on level 5 of the Dungeon.
             The game lasted 00:10:11 (6140 turns).

poseidemic the Ducker (Djinni Berserker)            Turns: 6140, Time: 00:10:12

Health: -5/88      AC:  2    Str: 16    XL:     8   Next: 21%
Gold:   84         EV: 15    Int:  9    God:    Trog [**....] SH:  0 Dex: 15

rFire   + + .      SeeInvis .     - Unarmed
rCold   x . .      Faith    .   (no shield)
rNeg    . . .      Spirit   .   a - +0 animal skin
rPois   ∞          Reflect  .   (no helmet)
rElec   .          Harm     .   (no cloak)
rCorr   .          Rampage  .   (no gloves)
Will    .....                   (boots unavailable)
Stlth   ..........              (no amulet)
HPRegen 0.24/turn               (no ring)
MPRegen 0.00/turn               (no ring)

@: berserking, flying, very quick
A: sickness immunity, fire resistance 2, cold vulnerability 1, float, innate
caster, hp casting, extra vitality 1
a: Renounce Religion, Berserk, Trog's Hand


You were on level 5 of the Dungeon.
You worshipped Trog.
Trog was pleased with you.
You visited 1 branch of the dungeon, and saw 5 of its levels.

You collected 154 gold pieces.
You spent 70 gold pieces at shops.

Inventory:

Armour
 a - a +0 animal skin (worn)
 h - a +0 pair of gloves
 i - a +0 cloak
Wands
 k - a wand of paralysis (8)
 n - a wand of flame (15)
Scrolls
 d - 4 scrolls of identify
 e - a scroll of vulnerability
 g - a scroll of silence {unknown}
 j - a scroll of magic mapping
Potions
 b - a potion of might {unknown}
 c - a potion of ambrosia {unknown}
 f - 2 potions of lignification {unknown}
 l - a potion of attraction {unknown}
 m - a potion of curing {unknown}
 o - a potion of heal wounds


   Skills:
 + Level 5.1 Fighting
 + Level 4.5 Armour
 * Level 7.0 Dodging
 - Level 3.0 Unarmed Combat
 + Level 1.0 Spellcasting


You had 3 spell levels left.
You knew the following spells:

 Your Spells              Type           Power      Damage    Failure   Level
a - Summon Small Mammal   Summ           8%         N/A       24%         1
b - Poisonous Vapours     Pois/Air       4%         N/A       36%         2
c - Swiftness             Air            2%         N/A       58%         3
Your spell library was empty.

Dungeon Overview and Level Annotations

Branches:
Dungeon (5/15)
 Temple: D:4-7

Altars:

Shops:
D:1 (   D:2 (   D:5 !!

Annotations:
D:3 Grinder


Innate Abilities, Weirdness & Mutations

You are immune to sickness and miasma.
You are immune to poison.
Your flesh is very heat resistant. (rF++)
You are vulnerable to cold. (rC-)
You float through the air rather than walking.
You learn spells naturally, not from books.
Your magical power is your life essence.
You have superior vitality. (+4 HP)


Message History

You are too injured to fight recklessly!
You hit the hound.
The hound is severely wounded.
The hound completely misses you. The wyvern zombie bites you.
The ogre misses you.
You punch the hound!
You kill the hound!
Trog accepts your kill.
The wyvern zombie bites you but does no damage.
Trog does not appreciate your training of magic skills!
You feel a little guilty.
You punch the ogre!
The ogre is moderately wounded.
The wyvern zombie closely misses you.
The ogre hits you with a +0 giant spiked club!!
* * * LOW HITPOINT WARNING * * *
You punch the ogre!
The ogre is heavily wounded.
The wyvern zombie misses you.
You hit the ogre.
The ogre is severely wounded.
You punch the ogre!
You kill the ogre!
Trog accepts your kill.
The wyvern zombie bites you but does no damage.
Trog does not appreciate your training of magic skills!
You feel guilty.
Your Dodging skill increases to level 7!
Your Spellcasting skill increases to level 1!
You barely miss the wyvern zombie. The wyvern zombie bites you.
* * * LOW HITPOINT WARNING * * *
You hit the wyvern zombie.
The wyvern zombie is lightly damaged.
You punch the wyvern zombie!
The wyvern zombie is moderately damaged.
The wyvern zombie closely misses you.
You barely miss the wyvern zombie.
The wyvern zombie is moderately damaged.
The wyvern zombie bites you!
You die...

≈.∩( ≈...
≈≈.♣ ≈≈.#
.≈≈.#
###.≈≈.#
#?Z.≈≈:# #@#
#)........
...........
#.#.........
#.##.#......
# #.##.....
#.# ###..
#.# ..


You could see a wyvern zombie.

Vanquished Creatures
  Menkaure (D:5)
  A water moccasin (D:5)
  A necrophage (D:3)
  2 ogres
  2 killer bees (D:4)
  A hound (D:5)
  An orc priest (D:4)
  Crazy Yiuf (D:2)
  2 orc wizards (D:4)
  A hound zombie (D:5)
  A hound skeleton (D:4)
  3 adders
  2 ufetubi (D:4)
  2 adder skeletons (D:4)
  4 worms
  4 orcs
  4 bats
  9 endoplasms
  A giant cockroach (D:2)
  9 goblins
  3 hobgoblins
  2 quokkas
  6 ball pythons
  A frilled lizard (D:1)
  6 kobolds
70 creatures vanquished.

Vanquished Creatures (others)
  6 plants (D:2)
6 creatures vanquished.

Grand Total: 76 creatures vanquished

Notes
Turn   | Place    | Note
-------+----------+-------------------------------------------
     0 | D:1      | poseidemic the Djinni Berserker began the quest for the
                  | Orb.
     0 | D:1      | Reached XP level 1. HP: 20/20 MP: 0/0
   389 | D:1      | Reached XP level 2. HP: 15/25 MP: 0/0
   895 | D:1      | Found Olees's Antique Weapon Emporium.
  1585 | D:2      | Reached skill level 3 in Dodging
  1587 | D:2      | Reached XP level 3. HP: 29/30 MP: 0/0
  1587 | D:2      | Learned a level 1 spell: Summon Small Mammal
  1617 | D:2      | Found a faded altar of an unknown god.
  2270 | D:2      | Found Uqepoiv's Antique Weapon Shoppe.
  2471 | D:2      | Reached ** piety under Trog
  2757 | D:2      | Found a runed translucent door.
  2758 | D:2      | Noticed Crazy Yiuf
  3104 | D:2      | Killed Crazy Yiuf
  3105 | D:2      | Reached XP level 4. HP: 33/35 MP: 0/0
  3341 | D:3      | Noticed a necrophage
  3350 | D:3      | Killed a necrophage
  3351 | D:3      | Reached skill level 4 in Dodging
  3351 | D:3      | Reached XP level 5. HP: 41/41 MP: 0/0
  3351 | D:3      | Learned a level 2 spell: Poisonous Vapours
  3534 | D:3      | Noticed Grinder
  3538 | D:3      | Paralysed by Grinder for 5 turns
  4117 | D:4      | Reached XP level 6. HP: 47/47 MP: 0/0
  4123 | D:4      | Reached skill level 5 in Dodging
  4898 | D:4      | Noticed an ogre
  4906 | D:4      | Killed an ogre
  4907 | D:4      | Reached XP level 7. HP: 47/53 MP: 0/0
  4907 | D:4      | Learned a level 3 spell: Swiftness
  5531 | D:5      | Entered Level 5 of the Dungeon
  5617 | D:5      | Found Edwudweg's Distillery.
  5624 | D:5      | Bought a potion of heal wounds for 70 gold pieces
  5625 | D:5      | Noticed a water moccasin
  5626 | D:5      | Noticed Menkaure
  5636 | D:5      | Killed a water moccasin
  5637 | D:5      | Reached skill level 6 in Dodging
  5641 | D:5      | Killed Menkaure
  5839 | D:4      | Reached skill level 5 in Fighting
  5839 | D:4      | Reached XP level 8. HP: 10/59 MP: 0/0
  6122 | D:5      | Found Atunt's Distillery.
  6137 | D:5      | Reached skill level 7 in Dodging
  6137 | D:5      | Reached skill level 1 in Spellcasting
  6137 | D:5      | HP: 2/88 [wyvern zombie (5)]
  6140 | D:5      | Slain by a wyvern zombie

Illustrated notes

Levels and vault maps discovered:
D:1:      minmay_arrival_four_houses, layout_basic, serial_shops,
          nicolae_shop_trees, chequers_serial_rivers_room_a
D:2:      wad_lake_hut, layout_basic, hellmonk_ecumenical_altar_arch_garden,
          serial_shops, nicolae_shop_crystal, uniq_crazy_yiuf_cottage
D:3:      layout_basic, chequers_big_river, uniq_grinder
D:4:      layout_basic
D:5:      layout_loops_ring, lemuel_mausoleum_altar_yredelemnul, temple_statues,
          serial_shops, shop, nicolae_wooded_promenade, uniq_menkaure

Skill      XL: |  1  2  3  4  5  6  7  8 |
---------------+-------------------------+-----
Dodging        | 3 4 5 6 7 |  7.0
Armour         | 3 4 |  4.5
Fighting       | 4 5 |  5.1
Spellcasting   | 1 |  1.0
Unarmed Combat | |  3.0

Action                   |  1- 3 |  4- 6 |  7- 9 || total
-------------------------+-------+-------+-------++-------
Melee: Unarmed           |   153 |   121 |    74 ||   348
       Punch             |     3 |     2 |     1 ||     6
Invok: Berserk           |     3 |     5 |     3 ||    11
       Trog's Hand       |       |     2 |       ||     2
  Use: Scroll            |       |     4 |       ||     4
 Stab: Sleeping          |     1 |       |       ||     1
Armor: Animal skin       |    29 |    10 |     8 ||    47
Dodge: Dodged            |   109 |    88 |    56 ||   253

Table legend: (Time is in decaauts)
 A = Elapsed time spent in this place.
 B = Non-inter-level travel time spent in this place.
 C = Inter-level travel time spent in this place.
 D = Time resting spent in this place.
 E = Time spent auto-exploring this place.
 F = Levels seen in this place.
 G = Mean time per level.
                   A        B        C        D        E       F      G
               +--------+--------+--------+--------+--------+-----+--------+
         Total |   6207 |   6017 |    190 |   1572 |   3711 |   5 | 1241.4 |
       Dungeon |   6207 |   6017 |    190 |   1572 |   3711 |   5 | 1241.4 |
               +--------+--------+--------+--------+--------+-----+--------+

Top non-repeatable levels by time:
     D:2: 1926 daAuts
     D:4: 1908 daAuts
     D:1: 1520 daAuts
     D:3: 540 daAuts
     D:5: 311 daAuts
